Login

Charlotte Checkers vs Lehigh Valley Phantoms

Created - 19 March 2024 at 23:09

Goals
1 2 3 T
Charlotte Checkers 1 2 1 4
Lehigh Valley Phantoms 0 1 1 2
Shots
1 2 3 T
Charlotte Checkers 15 14 13 42
Lehigh Valley Phantoms 4 13 13 30

GoalsPenalties
1st period
1. Charlotte Checkers , Jonah Gadjovich 7 (Zac Dalpe 8) at 0:41 (PP)
Tyson Foerster (LEH) for Holding (Minor) at 0:27
2nd period
2. Charlotte Checkers , Zac Dalpe 5 (William Lockwood 5, Frederic Allard 1) at 12:19
3. Charlotte Checkers , Jonah Gadjovich 8 (Zac Dalpe 9, Spencer Knight) at 15:38 (PP)
4. Lehigh Valley Phantoms , Max Comtois 6 (Tyson Foerster 11, Timur Ibragimov 1) at 18:47 (PP)
Tyson Foerster (LEH) for Interference (Minor) at 1:19
Joseph Cramarossa (CHA) for Interference (Minor) at 12:42
Adam Brooks (LEH) for Hooking (Minor) at 15:24
Calle Sjalin (CHA) for Cross-checking (Minor) at 18:40
3rd period
5. Charlotte Checkers , Zac Dalpe 6 (Jonah Gadjovich 4) at 11:16 (PP)
6. Lehigh Valley Phantoms , Tyson Foerster 6 (Timur Ibragimov 2) at 16:05
Adam Brooks (LEH) for High sticking (Minor) at 11:14
Joseph Cramarossa (CHA) for Roughing (Minor) at 12:45
Adam Brooks (LEH) for Interference (Minor) at 17:37
Goalie Stats
Spencer Knight (CHA), 28 saves from 30 shots - (0.933), W, 5-2-0, 60:00 minutes
Felix Sandstrom (LEH), 38 saves from 42 shots - (0.905), L, 1-2-1, 60:00 minutes
3 StarsOfficial
1 - Zac Dalpe (CHA)
2 - Jonah Gadjovich (CHA)
3 - Max Comtois (LEH)
Referees : Kevin Pollock and Shaun Davis
Linesman : Bevan Mills and Tony Sericolo
Game Note
No Game Note
Finance
Level 1 -- Attendance: 1696 (84.80%) -- Ticket Income $59,360
Level 2 -- Attendance: 971 (97.10%) -- Ticket Income $14,565
Total Attendance: 2667 (88.90%)
Total Ticket Income: $73,925
Other Income: $36,223
Total Income: $110,148



Team Name Goals Shots Shots Attemp Shots Blocked PIM HIT PP PK FO%
Charlotte Checkers 44274106303 / 5 (60%)159%
Lehigh Valley Phantoms 230551210251 / 3 (33%)341%

Charlotte Checkers
Player Name POS G A P +/- PIM HIT SHT SB MP PP MP PP SHT PK MP PK SHT FO% FOT GA TA
Aleksi HeponiemiC0000003017:251:4900:19082% 1730
Alexander TrueC0000024112:270:0000:0000% 000
Austin StrandD0001020022:352:1702:1200% 011
Calle SjalinD000-1200115:410:0000:0000% 000
Frederic AllardD0110010021:432:1101:5300% 011
Jonah GadjovichLW2130043219:522:3022:07040% 1000
Joona LuotoLW0000010118:462:3000:510100% 200
Joseph CramarossaC0000462116:511:4900:0000% 001
Logan HutskoC000000008:500:0900:00050% 211
Lucas CarlssonD0000015122:022:1102:1200% 000
Matt KierstedD0001021022:162:1701:5300% 022
Patrick GilesLW000002119:200:0001:0200% 000
Riley BarberLW0000011013:510:0900:52033% 600
Rocco GrimaldiRW0000025014:000:0900:5100% 130
Ryan McAllisterRW000001008:180:0000:0000% 000
Santtu KinnunenD000-1001015:420:0000:0000% 002
William LockwoodRW0110026116:431:4900:0000% 100
Zac DalpeC22400310119:302:3012:08058% 2400
Lehigh Valley Phantoms
Player Name POS G A P +/- PIM HIT SHT SB MP PP MP PP SHT PK MP PK SHT FO% FOT GA TA
Adam BrooksC0000632016:310:0001:10013% 810
Adam GinningD0001030025:492:3802:5900% 010
Austin RueschhoffLW0000020211:070:0000:0000% 000
Bobby BrinkC0000000110:060:0001:12040% 500
Cooper MarodyRW0000010010:410:0001:30033% 302
Elliot DesnoyersLW0000014218:371:4401:3600% 120
Emil AndraeD0000000113:470:0000:0000% 000
Helge GransD000-1011120:241:2701:2900% 002
Jeremy GroleauD0000000117:490:0002:5900% 001
Malte StromwallRW0000004111:070:0000:000100% 100
Max ComtoisLW1010035120:172:2122:2700% 200
Olle LycksellRW0000039117:011:4400:0000% 011
Rhett GardnerC0000030017:151:4400:14038% 1601
Ronnie AttardD0001010021:472:3800:0000% 012
Timur IbragimovLW0220020019:232:0800:47056% 2511
Tyson FoersterRW1120404118:282:2100:0000% 000
Victor MeteD000-1021020:241:2701:2900% 011
Zayde WisdomC000000004:540:1300:00050% 200

Charlotte Checkers

5 vs 5 Forward
Line #Left WingCenterRight WingPHYDFOFWanted %Time %Time Play
1Jonah GadjovichAleksi HeponiemiJoona Luoto1223530%15:38
2William LockwoodZac DalpeJoseph Cramarossa1223529%15:04
3Rocco GrimaldiRiley BarberAlexander True1222024%12:27
4Patrick GilesLogan HutskoRyan McAllister1221016%8:18
5 vs 5 Defense
Line #DefenseDefensePHYDFOFWanted %Time %Time Play
1Austin StrandMatt Kiersted1223534%17:44
2Lucas CarlssonFrederic Allard1223534%17:39
3Santtu KinnunenCalle Sjalin1223031%15:42
4Austin StrandLucas Carlsson12201%0:22
Power Play Forward
Line #Left WingCenterRight WingPHYDFOFWanted %Time %Time Play
1Joona LuotoJonah GadjovichZac Dalpe1226059%2:39
2William LockwoodAleksi HeponiemiJoseph Cramarossa1224041%1:49
Power Play Defense
Line #DefenseDefensePHYDFOFWanted %Time %Time Play
1Austin StrandMatt Kiersted1226051%2:17
2Frederic AllardLucas Carlsson1224049%2:11
Penalty Kill 4 Players Forward
Line #CenterWingPHYDFOFWanted %Time %Time Play
1Jonah GadjovichZac Dalpe1226079%3:14
2Joona LuotoRocco Grimaldi1224021%0:51
Penalty Kill 4 Players Defense
Line #DefenseDefensePHYDFOFWanted %Time %Time Play
1Austin StrandLucas Carlsson1226054%2:12
2Matt KierstedFrederic Allard1224046%1:53
Penalty Kill 3 Players
Line #WingPHYDFOFWanted %Time %Time PlayDefenseDefensePHYDFOFWanted %Time %Time Play
1Jonah Gadjovich122600%0:00 Austin StrandLucas Carlsson122600%0:00
2Alexander True122400%0:00 Calle SjalinMatt Kiersted122400%0:00
4 vs 4 Forward
Line #CenterWingPHYDFOFWanted %Time %Time Play
1Joona LuotoAleksi Heponiemi122600%0:00
2Zac DalpeRiley Barber122400%0:00
4 vs 4 Defense
Line #DefensePHYDFOFWanted %Time %Time Play
1Matt KierstedAustin Strand122600%0:00
2Santtu KinnunenCalle Sjalin122400%0:00
Last Minutes Offensive
Left WingCenterRight WingDefenseDefense
Joona LuotoJonah GadjovichZac DalpeAustin StrandLucas Carlsson
Last Minutes Defensive
Left WingCenterRight WingDefenseDefense
Joona LuotoJonah GadjovichZac DalpeAustin StrandMatt Kiersted
Time
Total ForwardTotal DefenseLast Minutes OffensiveLast Minutes Defensive
60:00 60:00 0:000:00
Extra Forwards
Normal PowerPlayPenalty Kill
Logan Hutsko, Jonah Gadjovich, Zac DalpeJoona Luoto, Aleksi HeponiemiPatrick Giles
Extra Defensemen
Normal PowerPlayPenalty Kill
Santtu Kinnunen, Austin Strand, Lucas CarlssonMatt Kiersted, Frederic AllardAustin Strand
Penalty Shots
Logan Hutsko, Jonah Gadjovich, Zac Dalpe, Joona Luoto, Aleksi Heponiemi
Goalie
Spencer Knight, Cayden Primeau
Custom OT Lines Forwards
Patrick Giles, Logan Hutsko, Jonah Gadjovich, Zac Dalpe, Joona Luoto, William Lockwood, Aleksi Heponiemi, Joseph Cramarossa, Riley Barber, Rocco Grimaldi
Custom OT Lines Defensemen
Santtu Kinnunen, Austin Strand, Lucas Carlsson, Matt Kiersted, Frederic Allard
Scratches
Josh Davies (Healthy), Casey Fitzgerald (Broken Bone (Right Ankle) Injury), Mackie Samoskevich (Healthy), Justin Sourdif (Healthy), Zach Uens (Healthy) Mack Guzda (Healthy)

Lehigh Valley Phantoms

5 vs 5 Forward
Line #Left WingCenterRight WingPHYDFOFWanted %Time %Time Play
1Max ComtoisTimur IbragimovTyson Foerster1223432%16:32
2Elliot DesnoyersRhett GardnerOlle Lycksell1223030%15:17
3Austin RueschhoffAdam BrooksMalte Stromwall1222022%11:07
4Adam BrooksBobby BrinkCooper Marody1221617%8:31
5 vs 5 Defense
Line #DefenseDefensePHYDFOFWanted %Time %Time Play
1Ronnie AttardAdam Ginning1224039%20:12
2Victor MeteHelge Grans1223534%17:28
3Jeremy GroleauEmil Andrae1222527%13:47
4Ronnie AttardAdam Ginning12200%0:00
Power Play Forward
Line #Left WingCenterRight WingPHYDFOFWanted %Time %Time Play
1Max ComtoisTimur IbragimovTyson Foerster1226058%2:21
2Elliot DesnoyersRhett GardnerOlle Lycksell1224042%1:44
Power Play Defense
Line #DefenseDefensePHYDFOFWanted %Time %Time Play
1Ronnie AttardAdam Ginning1226064%2:38
2Victor MeteHelge Grans1224036%1:27
Penalty Kill 4 Players Forward
Line #CenterWingPHYDFOFWanted %Time %Time Play
1Adam BrooksMax Comtois1226091%4:03
2Elliot DesnoyersTimur Ibragimov122409%0:25
Penalty Kill 4 Players Defense
Line #DefenseDefensePHYDFOFWanted %Time %Time Play
1Jeremy GroleauAdam Ginning1226067%2:59
2Victor MeteHelge Grans1224033%1:29
Penalty Kill 3 Players
Line #WingPHYDFOFWanted %Time %Time PlayDefenseDefensePHYDFOFWanted %Time %Time Play
1Adam Brooks122600%0:00 Jeremy GroleauAdam Ginning122600%0:00
2Max Comtois122400%0:00 Victor MeteHelge Grans122400%0:00
4 vs 4 Forward
Line #CenterWingPHYDFOFWanted %Time %Time Play
1Tyson FoersterMax Comtois122600%0:00
2Elliot DesnoyersTimur Ibragimov122400%0:00
4 vs 4 Defense
Line #DefensePHYDFOFWanted %Time %Time Play
1Ronnie AttardAdam Ginning122600%0:00
2Victor MeteHelge Grans122400%0:00
Last Minutes Offensive
Left WingCenterRight WingDefenseDefense
Max ComtoisTimur IbragimovTyson FoersterRonnie AttardAdam Ginning
Last Minutes Defensive
Left WingCenterRight WingDefenseDefense
Max ComtoisTimur IbragimovTyson FoersterRonnie AttardAdam Ginning
Time
Total ForwardTotal DefenseLast Minutes OffensiveLast Minutes Defensive
60:00 60:00 0:000:00
Extra Forwards
Normal PowerPlayPenalty Kill
Zayde Wisdom, Malte Stromwall, Cooper MarodyZayde Wisdom, Malte StromwallCooper Marody
Extra Defensemen
Normal PowerPlayPenalty Kill
Jeremy Groleau, Adam Ginning, Victor MeteJeremy Groleau, Adam GinningVictor Mete
Penalty Shots
Tyson Foerster, Max Comtois, Elliot Desnoyers, Timur Ibragimov, Olle Lycksell
Goalie
Felix Sandstrom, Cal Petersen
Custom OT Lines Forwards
Tyson Foerster, Max Comtois, Elliot Desnoyers, Timur Ibragimov, Olle Lycksell, Rhett Gardner, Malte Stromwall, Cooper Marody, Austin Rueschhoff, Adam Brooks
Custom OT Lines Defensemen
Ronnie Attard, Adam Ginning, Victor Mete, Helge Grans, Jeremy Groleau
Scratches
Andrei Bakanov (Healthy), Tag Bertuzzi (Healthy), Brooklyn Kalmikov (Healthy), Tanner Laczynski (Right Forearm Injury), Mason Millman (Healthy) Logan Nijhoff (Healthy), Xavier Parent (Healthy), Will Zmolek (Healthy), Pavel Cajan (Healthy), Jack LaFontaine (Healthy)


Play-by-Play

1st period


0:01 of 1st period - Timur Ibragimov wins face-off versus Aleksi Heponiemi in neutral zone.
0:05 of 1st period - Off-side.
0:06 of 1st period - Aleksi Heponiemi wins face-off versus Timur Ibragimov in neutral zone.
0:27 of 1st period - Minor Penalty to Tyson Foerster for Holding.
0:28 of 1st period - Jonah Gadjovich wins face-off versus Adam Brooks in Lehigh Valley Phantoms zone.
0:41 of 1st period - Wrist shot by Jonah Gadjovich.
0:41 of 1st period - Goal by Jonah Gadjovich - Charlotte Checkers : 1 - Lehigh Valley Phantoms : 0.
0:42 of 1st period - Zac Dalpe wins face-off versus Rhett Gardner in neutral zone.
1:06 of 1st period - Icing by Victor Mete.
1:07 of 1st period - Riley Barber wins face-off versus Adam Brooks in Lehigh Valley Phantoms zone.
1:22 of 1st period - Slapshot by Victor Mete.
1:22 of 1st period - Deflect By Malte Stromwall.
1:22 of 1st period - Stopped by Spencer Knight with a rebound.
1:32 of 1st period - Emil Andrae is hit by Joseph Cramarossa and loses puck.
1:51 of 1st period - Snap shot by Zac Dalpe.
1:51 of 1st period - Shot Blocked by Max Comtois.
1:53 of 1st period - Snap shot by Aleksi Heponiemi.
1:53 of 1st period - Shot Misses the Net.
1:55 of 1st period - Snap shot by Jonah Gadjovich.
1:55 of 1st period - Shot Misses the Net.
1:57 of 1st period - Backhand shot by Joona Luoto.
1:57 of 1st period - Shot Misses the Net.
2:03 of 1st period - Slapshot by Jonah Gadjovich.
2:03 of 1st period - Stopped by Felix Sandstrom with a rebound.
2:17 of 1st period - Snap shot by Cooper Marody.
2:17 of 1st period - Shot Blocked by Lucas Carlsson.
3:23 of 1st period - Lucas Carlsson is hit by Adam Brooks and loses puck.
4:21 of 1st period - Victor Mete is hit by Jonah Gadjovich and loses puck.
4:28 of 1st period - Jonah Gadjovich is hit by Helge Grans and loses puck.
4:39 of 1st period - Joona Luoto is hit by Max Comtois and loses puck.
4:58 of 1st period - Wrist shot by Zac Dalpe.
4:58 of 1st period - Shot Blocked by Elliot Desnoyers.
5:00 of 1st period - Slapshot by Zac Dalpe.
5:00 of 1st period - Stopped by Felix Sandstrom without a rebound.
5:01 of 1st period - Zac Dalpe wins face-off versus Adam Brooks in Lehigh Valley Phantoms zone.
5:25 of 1st period - Icing by Rocco Grimaldi.
5:26 of 1st period - Timur Ibragimov wins face-off versus Rocco Grimaldi in Charlotte Checkers zone.
5:37 of 1st period - Slapshot by Riley Barber.
5:37 of 1st period - Stopped by Felix Sandstrom with a rebound.
5:56 of 1st period - William Lockwood is hit by Olle Lycksell and loses puck.
6:38 of 1st period - Adam Brooks is hit by Alexander True and loses puck.
6:45 of 1st period - Snap shot by Lucas Carlsson.
6:45 of 1st period - Stopped by Felix Sandstrom with a rebound.
6:47 of 1st period - Snap shot by Alexander True.
6:47 of 1st period - Stopped by Felix Sandstrom with a rebound.
7:23 of 1st period - Wrist shot by William Lockwood.
7:23 of 1st period - Stopped by Felix Sandstrom with a rebound.
7:41 of 1st period - Ronnie Attard is hit by Jonah Gadjovich and loses puck.
7:45 of 1st period - Icing by Ronnie Attard.
7:46 of 1st period - Aleksi Heponiemi wins face-off versus Timur Ibragimov in Lehigh Valley Phantoms zone.
8:01 of 1st period - Wrist shot by Aleksi Heponiemi.
8:01 of 1st period - Shot Misses the Net.
8:31 of 1st period - Snap shot by Aleksi Heponiemi.
8:31 of 1st period - Stopped by Felix Sandstrom without a rebound.
8:32 of 1st period - Bobby Brink wins face-off versus Zac Dalpe in Lehigh Valley Phantoms zone.
8:32 of 1st period - Bobby Brink is hit by Joseph Cramarossa.
10:14 of 1st period - Adam Brooks is hit by Joseph Cramarossa and loses puck.
10:39 of 1st period - Wrist shot by Tyson Foerster.
10:39 of 1st period - Stopped by Spencer Knight with a rebound.
11:00 of 1st period - Off-side.
11:01 of 1st period - Bobby Brink wins face-off versus Logan Hutsko in neutral zone.
11:31 of 1st period - Slapshot by Santtu Kinnunen.
11:31 of 1st period - Shot Blocked by Bobby Brink.
11:33 of 1st period - Slapshot by Ryan McAllister.
11:33 of 1st period - Shot Misses the Net.
11:35 of 1st period - Wrist shot by Patrick Giles.
11:35 of 1st period - Stopped by Felix Sandstrom without a rebound.
11:36 of 1st period - Rhett Gardner wins face-off versus Zac Dalpe in Lehigh Valley Phantoms zone.
11:43 of 1st period - Snap shot by Elliot Desnoyers.
11:43 of 1st period - Stopped by Spencer Knight with a rebound.
11:51 of 1st period - Olle Lycksell is hit by William Lockwood and loses puck.
12:28 of 1st period - Alexander True is hit by Adam Brooks and loses puck.
12:45 of 1st period - Emil Andrae is hit by Austin Strand and loses puck.
12:57 of 1st period - Icing by Emil Andrae.
12:58 of 1st period - Malte Stromwall wins face-off versus Zac Dalpe in Lehigh Valley Phantoms zone.
14:29 of 1st period - Slapshot by Lucas Carlsson.
14:29 of 1st period - Stopped by Felix Sandstrom with a rebound.
14:48 of 1st period - Zac Dalpe is hit by Timur Ibragimov and loses puck.
15:05 of 1st period - Zac Dalpe is hit by Austin Rueschhoff and loses puck.
15:10 of 1st period - Slapshot by Ronnie Attard.
15:10 of 1st period - Deflect By Adam Brooks.
15:10 of 1st period - Shot Misses the Net.
15:10 of 1st period - Puck is out of play.
15:11 of 1st period - Aleksi Heponiemi wins face-off versus Adam Brooks in Charlotte Checkers zone.
15:35 of 1st period - Ronnie Attard is hit by Jonah Gadjovich and loses puck.
15:39 of 1st period - Icing by Adam Ginning.
15:40 of 1st period - Zac Dalpe wins face-off versus Timur Ibragimov in Lehigh Valley Phantoms zone.
15:55 of 1st period - Snap shot by Max Comtois.
15:55 of 1st period - Stopped by Spencer Knight without a rebound.
15:56 of 1st period - Aleksi Heponiemi wins face-off versus Rhett Gardner in Charlotte Checkers zone.
16:07 of 1st period - Slapshot by Aleksi Heponiemi.
16:07 of 1st period - Shot Blocked by Elliot Desnoyers.
16:21 of 1st period - Victor Mete is hit by Joseph Cramarossa and loses puck.
17:00 of 1st period - Ronnie Attard is hit by Ryan McAllister and loses puck.
19:10 of 1st period - Snap shot by Rocco Grimaldi.
19:10 of 1st period - Stopped by Felix Sandstrom without a rebound.
19:11 of 1st period - Zac Dalpe wins face-off versus Elliot Desnoyers in Lehigh Valley Phantoms zone.
19:12 of 1st period - Snap shot by William Lockwood.
19:12 of 1st period - Shot Misses the Net.
19:14 of 1st period - Slapshot by William Lockwood.
19:14 of 1st period - Stopped by Felix Sandstrom without a rebound.
19:15 of 1st period - Zac Dalpe wins face-off versus Rhett Gardner in Lehigh Valley Phantoms zone.
19:20 of 1st period - Snap shot by Zac Dalpe.
19:20 of 1st period - Stopped by Felix Sandstrom with a rebound.
19:24 of 1st period - Backhand shot by Zac Dalpe.
19:24 of 1st period - Stopped by Felix Sandstrom with a rebound.
19:26 of 1st period - Snap shot by William Lockwood.
19:26 of 1st period - Stopped by Felix Sandstrom without a rebound.
19:27 of 1st period - Zac Dalpe wins face-off versus Rhett Gardner in Lehigh Valley Phantoms zone.
19:28 of 1st period - Snap shot by Joseph Cramarossa.
19:28 of 1st period - Shot Misses the Net.
19:42 of 1st period - Rhett Gardner is hit by William Lockwood and loses puck.
19:49 of 1st period - Zac Dalpe is hit by Adam Ginning.
Goals for this period are 1 for Charlotte Checkers vs 0 for Lehigh Valley Phantoms.
Shots for this period are 15 for Charlotte Checkers vs 4 for Lehigh Valley Phantoms.

2nd period


0:01 of 2nd period - Aleksi Heponiemi wins face-off versus Timur Ibragimov in neutral zone.
0:03 of 2nd period - Off-side.
0:04 of 2nd period - Joona Luoto wins face-off versus Timur Ibragimov in neutral zone.
0:13 of 2nd period - Wrist shot by Jonah Gadjovich.
0:13 of 2nd period - Shot Misses the Net.
0:15 of 2nd period - Backhand shot by Lucas Carlsson.
0:15 of 2nd period - Shot Blocked by Tyson Foerster.
0:17 of 2nd period - Wrist shot by Lucas Carlsson.
0:17 of 2nd period - Stopped by Felix Sandstrom without a rebound.
0:18 of 2nd period - Zac Dalpe wins face-off versus Rhett Gardner in Lehigh Valley Phantoms zone.
0:19 of 2nd period - Snap shot by Joseph Cramarossa.
0:19 of 2nd period - Stopped by Felix Sandstrom with a rebound.
0:21 of 2nd period - Snap shot by Zac Dalpe.
0:21 of 2nd period - Shot Misses the Net.
0:33 of 2nd period - Elliot Desnoyers is hit by Zac Dalpe.
0:43 of 2nd period - Victor Mete is hit by Riley Barber and loses puck.
0:52 of 2nd period - Snap shot by Olle Lycksell.
0:52 of 2nd period - Stopped by Spencer Knight without a rebound.
0:53 of 2nd period - Timur Ibragimov wins face-off versus Jonah Gadjovich in Charlotte Checkers zone.
0:59 of 2nd period - Off-side.
1:00 of 2nd period - Aleksi Heponiemi wins face-off versus Timur Ibragimov in neutral zone.
1:02 of 2nd period - Off-side.
1:03 of 2nd period - Aleksi Heponiemi wins face-off versus Timur Ibragimov in neutral zone.
1:14 of 2nd period - Snap shot by Tyson Foerster.
1:14 of 2nd period - Shot Misses the Net.
1:19 of 2nd period - Minor Penalty to Tyson Foerster for Interference.
1:20 of 2nd period - Jonah Gadjovich wins face-off versus Adam Brooks in Lehigh Valley Phantoms zone.
3:19 of 2nd period - Penalty to Tyson Foerster is over, Tyson Foerster is back on ice.
3:39 of 2nd period - Adam Ginning is hit by Patrick Giles and loses puck.
3:56 of 2nd period - Snap shot by Tyson Foerster.
3:56 of 2nd period - Shot Misses the Net.
3:58 of 2nd period - Slapshot by Adam Ginning.
3:58 of 2nd period - Deflect By Tyson Foerster.
3:58 of 2nd period - Shot Blocked by Alexander True.
3:58 of 2nd period - Puck is out of play.
3:59 of 2nd period - Adam Brooks wins face-off versus Riley Barber in Charlotte Checkers zone.
4:04 of 2nd period - Slapshot by Adam Brooks.
4:04 of 2nd period - Stopped by Spencer Knight without a rebound.
4:05 of 2nd period - Riley Barber wins face-off versus Adam Brooks in Charlotte Checkers zone.
4:05 of 2nd period - Riley Barber is hit by Austin Rueschhoff.
4:13 of 2nd period - Slapshot by Rocco Grimaldi.
4:13 of 2nd period - Shot Misses the Net.
5:09 of 2nd period - Slapshot by Victor Mete.
5:09 of 2nd period - Shot Misses the Net.
5:11 of 2nd period - Wrist shot by Adam Brooks.
5:11 of 2nd period - Shot Misses the Net.
5:21 of 2nd period - Snap shot by Malte Stromwall.
5:21 of 2nd period - Stopped by Spencer Knight without a rebound.
5:22 of 2nd period - Rhett Gardner wins face-off versus William Lockwood in Charlotte Checkers zone.
5:27 of 2nd period - Wrist shot by Olle Lycksell.
5:27 of 2nd period - Stopped by Spencer Knight with a rebound.
5:31 of 2nd period - Wrist shot by Olle Lycksell.
5:31 of 2nd period - Stopped by Spencer Knight with a rebound.
5:33 of 2nd period - Slapshot by Adam Ginning.
5:33 of 2nd period - Shot Misses the Net.
5:35 of 2nd period - Slapshot by Ronnie Attard.
5:35 of 2nd period - Shot Misses the Net.
5:56 of 2nd period - Timur Ibragimov is hit by Joona Luoto and loses puck.
6:24 of 2nd period - Patrick Giles is hit by Cooper Marody and loses puck.
7:04 of 2nd period - Ronnie Attard is hit by Frederic Allard and loses puck.
9:29 of 2nd period - Wrist shot by Rocco Grimaldi.
9:29 of 2nd period - Deflect By Riley Barber.
9:29 of 2nd period - Shot Blocked by Austin Rueschhoff.
9:29 of 2nd period - Puck is out of play.
9:30 of 2nd period - Zayde Wisdom wins face-off versus Riley Barber in Lehigh Valley Phantoms zone.
9:35 of 2nd period - Snap shot by Ronnie Attard.
9:35 of 2nd period - Shot Misses the Net.
10:07 of 2nd period - Snap shot by Malte Stromwall.
10:07 of 2nd period - Stopped by Spencer Knight with a rebound.
10:21 of 2nd period - Snap shot by Malte Stromwall.
10:21 of 2nd period - Stopped by Spencer Knight with a rebound.
10:58 of 2nd period - Snap shot by Rocco Grimaldi.
10:58 of 2nd period - Stopped by Felix Sandstrom with a rebound.
11:00 of 2nd period - Wrist shot by Riley Barber.
11:00 of 2nd period - Shot Misses the Net.
11:02 of 2nd period - Snap shot by Riley Barber.
11:02 of 2nd period - Shot Blocked by Malte Stromwall.
11:26 of 2nd period - Wrist shot by Rocco Grimaldi.
11:26 of 2nd period - Stopped by Felix Sandstrom with a rebound.
11:28 of 2nd period - Snap shot by Alexander True.
11:28 of 2nd period - Shot Misses the Net.
11:34 of 2nd period - Slapshot by Rocco Grimaldi.
11:34 of 2nd period - Stopped by Felix Sandstrom without a rebound.
11:35 of 2nd period - Timur Ibragimov wins face-off versus Zac Dalpe in Lehigh Valley Phantoms zone.
11:35 of 2nd period - Timur Ibragimov is hit by Joseph Cramarossa.
11:43 of 2nd period - Snap shot by Tyson Foerster.
11:43 of 2nd period - Stopped by Spencer Knight without a rebound.
11:44 of 2nd period - Zac Dalpe wins face-off versus Timur Ibragimov in Charlotte Checkers zone.
12:06 of 2nd period - Helge Grans is hit by Joseph Cramarossa and loses puck.
12:17 of 2nd period - Wrist shot by Zac Dalpe.
12:17 of 2nd period - Shot Misses the Net.
12:19 of 2nd period - Wrist shot by Zac Dalpe.
12:19 of 2nd period - Goal by Zac Dalpe - Charlotte Checkers : 2 - Lehigh Valley Phantoms : 0.
12:20 of 2nd period - Rhett Gardner wins face-off versus Aleksi Heponiemi in neutral zone.
12:27 of 2nd period - Slapshot by Elliot Desnoyers.
12:27 of 2nd period - Shot Blocked by Joona Luoto.
12:29 of 2nd period - Slapshot by Olle Lycksell.
12:29 of 2nd period - Stopped by Spencer Knight with a rebound.
12:31 of 2nd period - Slapshot by Helge Grans.
12:31 of 2nd period - Shot Blocked by Jonah Gadjovich.
12:33 of 2nd period - Snap shot by Victor Mete.
12:33 of 2nd period - Shot Misses the Net.
12:35 of 2nd period - Wrist shot by Elliot Desnoyers.
12:35 of 2nd period - Stopped by Spencer Knight without a rebound.
12:36 of 2nd period - Timur Ibragimov wins face-off versus Zac Dalpe in Charlotte Checkers zone.
12:42 of 2nd period - Minor Penalty to Joseph Cramarossa for Interference.
12:43 of 2nd period - Timur Ibragimov wins face-off versus Jonah Gadjovich in Charlotte Checkers zone.
14:42 of 2nd period - Penalty to Joseph Cramarossa is over, Joseph Cramarossa is back on ice.
15:00 of 2nd period - Slapshot by Rocco Grimaldi.
15:00 of 2nd period - Shot Misses the Net.
15:02 of 2nd period - Wrist shot by Alexander True.
15:02 of 2nd period - Stopped by Felix Sandstrom with a rebound.
15:04 of 2nd period - Snap shot by Rocco Grimaldi.
15:04 of 2nd period - Stopped by Felix Sandstrom without a rebound.
15:05 of 2nd period - Joona Luoto wins face-off versus Adam Brooks in Lehigh Valley Phantoms zone.
15:12 of 2nd period - Snap shot by Jonah Gadjovich.
15:12 of 2nd period - Shot Blocked by Jeremy Groleau.
15:14 of 2nd period - Snap shot by Aleksi Heponiemi.
15:14 of 2nd period - Shot Blocked by Emil Andrae.
15:16 of 2nd period - Wrist shot by Joona Luoto.
15:16 of 2nd period - Shot Blocked by Austin Rueschhoff.
15:18 of 2nd period - Slapshot by Santtu Kinnunen.
15:18 of 2nd period - Stopped by Felix Sandstrom with a rebound.
15:24 of 2nd period - Minor Penalty to Adam Brooks for Hooking.
15:25 of 2nd period - Cooper Marody wins face-off versus Jonah Gadjovich in Lehigh Valley Phantoms zone.
15:36 of 2nd period - Snap shot by Zac Dalpe.
15:36 of 2nd period - Shot Misses the Net.
15:38 of 2nd period - Wrist shot by Jonah Gadjovich.
15:38 of 2nd period - Goal by Jonah Gadjovich - Charlotte Checkers : 3 - Lehigh Valley Phantoms : 0.
15:39 of 2nd period - Aleksi Heponiemi wins face-off versus Rhett Gardner in neutral zone.
16:14 of 2nd period - Slapshot by Zac Dalpe.
16:14 of 2nd period - Stopped by Felix Sandstrom without a rebound.
16:15 of 2nd period - Aleksi Heponiemi wins face-off versus Rhett Gardner in Lehigh Valley Phantoms zone.
16:22 of 2nd period - Frederic Allard is hit by Ronnie Attard and loses puck.
16:27 of 2nd period - Slapshot by Olle Lycksell.
16:27 of 2nd period - Stopped by Spencer Knight without a rebound.
16:28 of 2nd period - Rhett Gardner wins face-off versus Zac Dalpe in Charlotte Checkers zone.
17:05 of 2nd period - Slapshot by Lucas Carlsson.
17:05 of 2nd period - Stopped by Felix Sandstrom with a rebound.
17:42 of 2nd period - Snap shot by Olle Lycksell.
17:42 of 2nd period - Stopped by Spencer Knight with a rebound.
17:44 of 2nd period - Slapshot by Victor Mete.
17:44 of 2nd period - Deflect By Olle Lycksell.
17:44 of 2nd period - Shot Blocked by Patrick Giles.
17:44 of 2nd period - Puck is out of play.
17:45 of 2nd period - Zac Dalpe wins face-off versus Rhett Gardner in Charlotte Checkers zone.
18:01 of 2nd period - Wrist shot by William Lockwood.
18:01 of 2nd period - Stopped by Felix Sandstrom with a rebound.
18:11 of 2nd period - Elliot Desnoyers is hit by Austin Strand.
18:40 of 2nd period - Minor Penalty to Calle Sjalin for Cross-checking.
18:41 of 2nd period - Timur Ibragimov wins face-off versus Jonah Gadjovich in Charlotte Checkers zone.
18:47 of 2nd period - Snap shot by Max Comtois.
18:47 of 2nd period - Goal by Max Comtois - Charlotte Checkers : 3 - Lehigh Valley Phantoms : 1.
18:48 of 2nd period - Zac Dalpe wins face-off versus Max Comtois in neutral zone.
18:58 of 2nd period - Lucas Carlsson is hit by Timur Ibragimov and loses puck.
19:23 of 2nd period - Wrist shot by Aleksi Heponiemi.
19:23 of 2nd period - Stopped by Felix Sandstrom without a rebound.
19:24 of 2nd period - Aleksi Heponiemi wins face-off versus Rhett Gardner in Lehigh Valley Phantoms zone.
19:32 of 2nd period - Victor Mete is hit by Jonah Gadjovich and loses puck.
19:49 of 2nd period - Rhett Gardner is hit by Rocco Grimaldi and loses puck.
19:54 of 2nd period - Wrist shot by Rocco Grimaldi.
19:54 of 2nd period - Deflect By Alexander True.
19:54 of 2nd period - Shot Misses the Net.
19:54 of 2nd period - Puck is out of play.
19:55 of 2nd period - Timur Ibragimov wins face-off versus Riley Barber in Lehigh Valley Phantoms zone.
Goals for this period are 2 for Charlotte Checkers vs 1 for Lehigh Valley Phantoms.
Shots for this period are 14 for Charlotte Checkers vs 13 for Lehigh Valley Phantoms.

3rd period


0:01 of 3rd period - Zac Dalpe wins face-off versus Max Comtois in neutral zone.
0:08 of 3rd period - Snap shot by Zac Dalpe.
0:08 of 3rd period - Stopped by Felix Sandstrom with a rebound.
0:13 of 3rd period - Slapshot by Lucas Carlsson.
0:13 of 3rd period - Stopped by Felix Sandstrom with a rebound.
0:15 of 3rd period - Snap shot by Joseph Cramarossa.
0:15 of 3rd period - Stopped by Felix Sandstrom with a rebound.
0:34 of 3rd period - Wrist shot by Jonah Gadjovich.
0:34 of 3rd period - Shot Misses the Net.
0:47 of 3rd period - Icing by Adam Ginning.
0:48 of 3rd period - Logan Hutsko wins face-off versus Rhett Gardner in Lehigh Valley Phantoms zone.
1:18 of 3rd period - Helge Grans is hit by Patrick Giles and loses puck.
1:25 of 3rd period - Patrick Giles is hit by Rhett Gardner and loses puck.
1:47 of 3rd period - Off-side.
1:48 of 3rd period - Zac Dalpe wins face-off versus Timur Ibragimov in neutral zone.
1:55 of 3rd period - Snap shot by Zac Dalpe.
1:55 of 3rd period - Stopped by Felix Sandstrom with a rebound.
1:57 of 3rd period - Wrist shot by William Lockwood.
1:57 of 3rd period - Stopped by Felix Sandstrom without a rebound.
1:58 of 3rd period - Zac Dalpe wins face-off versus Timur Ibragimov in Lehigh Valley Phantoms zone.
2:09 of 3rd period - Wrist shot by William Lockwood.
2:09 of 3rd period - Stopped by Felix Sandstrom with a rebound.
2:11 of 3rd period - Slapshot by Matt Kiersted.
2:11 of 3rd period - Stopped by Felix Sandstrom without a rebound.
2:12 of 3rd period - Aleksi Heponiemi wins face-off versus Bobby Brink in Lehigh Valley Phantoms zone.
2:13 of 3rd period - Wrist shot by Jonah Gadjovich.
2:13 of 3rd period - Shot Blocked by Helge Grans.
2:20 of 3rd period - Off-side.
2:21 of 3rd period - Aleksi Heponiemi wins face-off versus Bobby Brink in neutral zone.
2:26 of 3rd period - Aleksi Heponiemi is hit by Victor Mete and loses puck.
2:59 of 3rd period - Snap shot by Cooper Marody.
2:59 of 3rd period - Shot Misses the Net.
3:01 of 3rd period - Slapshot by Victor Mete.
3:01 of 3rd period - Stopped by Spencer Knight with a rebound.
3:03 of 3rd period - Wrist shot by Adam Brooks.
3:03 of 3rd period - Shot Blocked by Jonah Gadjovich.
3:05 of 3rd period - Slapshot by Victor Mete.
3:05 of 3rd period - Shot Misses the Net.
3:07 of 3rd period - Snap shot by Adam Brooks.
3:07 of 3rd period - Stopped by Spencer Knight without a rebound.
3:08 of 3rd period - Zac Dalpe wins face-off versus Timur Ibragimov in Charlotte Checkers zone.
3:20 of 3rd period - Wrist shot by Max Comtois.
3:20 of 3rd period - Shot Blocked by Zac Dalpe.
3:22 of 3rd period - Wrist shot by Tyson Foerster.
3:22 of 3rd period - Shot Blocked by William Lockwood.
3:24 of 3rd period - Slapshot by Adam Ginning.
3:24 of 3rd period - Shot Misses the Net.
4:35 of 3rd period - Icing by Jeremy Groleau.
4:36 of 3rd period - Rhett Gardner wins face-off versus Riley Barber in Lehigh Valley Phantoms zone.
4:53 of 3rd period - Alexander True is hit by Max Comtois and loses puck.
5:04 of 3rd period - Cooper Marody is hit by Matt Kiersted and loses puck.
5:27 of 3rd period - Slapshot by Olle Lycksell.
5:27 of 3rd period - Stopped by Spencer Knight with a rebound.
5:29 of 3rd period - Snap shot by Helge Grans.
5:29 of 3rd period - Stopped by Spencer Knight with a rebound.
5:31 of 3rd period - Slapshot by Victor Mete.
5:31 of 3rd period - Deflect By Olle Lycksell.
5:31 of 3rd period - Stopped by Spencer Knight with a rebound.
5:33 of 3rd period - Snap shot by Elliot Desnoyers.
5:33 of 3rd period - Stopped by Spencer Knight without a rebound.
5:34 of 3rd period - Timur Ibragimov wins face-off versus Jonah Gadjovich in Charlotte Checkers zone.
6:01 of 3rd period - Adam Ginning is hit by Zac Dalpe and loses puck.
6:24 of 3rd period - Victor Mete is hit by Lucas Carlsson and loses puck.
7:01 of 3rd period - Off-side.
7:02 of 3rd period - Rhett Gardner wins face-off versus Aleksi Heponiemi in neutral zone.
7:07 of 3rd period - Wrist shot by Elliot Desnoyers.
7:07 of 3rd period - Stopped by Spencer Knight with a rebound.
7:27 of 3rd period - Max Comtois is hit by Zac Dalpe and loses puck.
7:34 of 3rd period - Snap shot by Max Comtois.
7:34 of 3rd period - Shot Blocked by Joseph Cramarossa.
7:58 of 3rd period - Wrist shot by Bobby Brink.
7:58 of 3rd period - Shot Misses the Net.
8:04 of 3rd period - Snap shot by Bobby Brink.
8:04 of 3rd period - Shot Blocked by Calle Sjalin.
8:24 of 3rd period - Snap shot by Olle Lycksell.
8:24 of 3rd period - Stopped by Spencer Knight with a rebound.
8:34 of 3rd period - Santtu Kinnunen is hit by Adam Brooks and loses puck.
9:13 of 3rd period - Lucas Carlsson is hit by Victor Mete and loses puck.
10:24 of 3rd period - Rocco Grimaldi is hit by Elliot Desnoyers and loses puck.
11:14 of 3rd period - Minor Penalty to Adam Brooks for High sticking.
11:15 of 3rd period - Jonah Gadjovich wins face-off versus Cooper Marody in Lehigh Valley Phantoms zone.
11:16 of 3rd period - Wrist shot by Zac Dalpe.
11:16 of 3rd period - Goal by Zac Dalpe - Charlotte Checkers : 4 - Lehigh Valley Phantoms : 1.
11:17 of 3rd period - Timur Ibragimov wins face-off versus Zac Dalpe in neutral zone.
11:26 of 3rd period - Wrist shot by Max Comtois.
11:26 of 3rd period - Stopped by Spencer Knight with a rebound.
11:42 of 3rd period - Aleksi Heponiemi is hit by Olle Lycksell.
11:50 of 3rd period - Slapshot by Matt Kiersted.
11:50 of 3rd period - Shot Misses the Net.
11:56 of 3rd period - Santtu Kinnunen is hit by Olle Lycksell and loses puck.
12:07 of 3rd period - Helge Grans is hit by Rocco Grimaldi and loses puck.
12:45 of 3rd period - Minor Penalty to Joseph Cramarossa for Roughing.
12:46 of 3rd period - Timur Ibragimov wins face-off versus Jonah Gadjovich in Charlotte Checkers zone.
12:51 of 3rd period - Slapshot by Max Comtois.
12:51 of 3rd period - Stopped by Spencer Knight without a rebound.
12:52 of 3rd period - Timur Ibragimov wins face-off versus Zac Dalpe in Charlotte Checkers zone.
14:06 of 3rd period - Zac Dalpe is hit by Max Comtois and loses puck.
14:45 of 3rd period - Penalty to Joseph Cramarossa is over, Joseph Cramarossa is back on ice.
14:49 of 3rd period - Joona Luoto is hit by Rhett Gardner and loses puck.
15:32 of 3rd period - Wrist shot by William Lockwood.
15:32 of 3rd period - Deflect By Zac Dalpe.
15:32 of 3rd period - Stopped by Felix Sandstrom with a rebound.
15:39 of 3rd period - Off-side.
15:40 of 3rd period - Aleksi Heponiemi wins face-off versus Zayde Wisdom in neutral zone.
15:43 of 3rd period - Wrist shot by Aleksi Heponiemi.
15:43 of 3rd period - Shot Hit the Post.
15:53 of 3rd period - Wrist shot by Aleksi Heponiemi.
15:53 of 3rd period - Stopped by Felix Sandstrom without a rebound.
15:54 of 3rd period - Timur Ibragimov wins face-off versus Zac Dalpe in Lehigh Valley Phantoms zone.
16:01 of 3rd period - Backhand shot by Tyson Foerster.
16:01 of 3rd period - Deflect By Max Comtois.
16:01 of 3rd period - Shot Misses the Net.
16:01 of 3rd period - Puck is out of play.
16:02 of 3rd period - Timur Ibragimov wins face-off versus Zac Dalpe in Charlotte Checkers zone.
16:03 of 3rd period - Wrist shot by Tyson Foerster.
16:03 of 3rd period - Stopped by Spencer Knight with a rebound.
16:05 of 3rd period - Snap shot by Tyson Foerster.
16:05 of 3rd period - Goal by Tyson Foerster - Charlotte Checkers : 4 - Lehigh Valley Phantoms : 2.
16:06 of 3rd period - Aleksi Heponiemi wins face-off versus Bobby Brink in neutral zone.
16:06 of 3rd period - Aleksi Heponiemi is hit by Adam Ginning.
16:22 of 3rd period - Snap shot by Jonah Gadjovich.
16:22 of 3rd period - Shot Misses the Net.
16:40 of 3rd period - Wrist shot by Zac Dalpe.
16:40 of 3rd period - Stopped by Felix Sandstrom with a rebound.
16:54 of 3rd period - Elliot Desnoyers is hit by Alexander True and loses puck.
17:03 of 3rd period - Snap shot by Rocco Grimaldi.
17:03 of 3rd period - Shot Blocked by Olle Lycksell.
17:05 of 3rd period - Slapshot by Alexander True.
17:05 of 3rd period - Stopped by Felix Sandstrom with a rebound.
17:07 of 3rd period - Slapshot by Alexander True.
17:07 of 3rd period - Stopped by Felix Sandstrom with a rebound.
17:17 of 3rd period - Snap shot by Max Comtois.
17:17 of 3rd period - Stopped by Spencer Knight with a rebound.
17:37 of 3rd period - Minor Penalty to Adam Brooks for Interference.
17:38 of 3rd period - Jonah Gadjovich wins face-off versus Cooper Marody in Lehigh Valley Phantoms zone.
18:03 of 3rd period - William Lockwood is hit by Adam Ginning and loses puck.
18:56 of 3rd period - Frederic Allard is hit by Rhett Gardner and loses puck.
19:31 of 3rd period - Jeremy Groleau is hit by Matt Kiersted and loses puck.
19:37 of 3rd period - Penalty to Adam Brooks is over, Adam Brooks is back on ice.
19:50 of 3rd period - Snap shot by Adam Brooks.
19:50 of 3rd period - Shot Misses the Net.
Goals for this period are 1 for Charlotte Checkers vs 1 for Lehigh Valley Phantoms.
Shots for this period are 13 for Charlotte Checkers vs 13 for Lehigh Valley Phantoms.